 Dungeon Crawl Stone Soup version 0.30-a0-728-gc68057be0a (webtiles) character file.

Game seed: 10625236461063780139

64519 mandoloar the Executioner (level 14, 0/144 HPs)
             Began as a Minotaur Fighter on Jan 31, 2023.
             Was a High Priest of Okawaru.
             Slain by Agnes
             ... wielding a +1 lajatang of venom
              (3 damage)
             ... on level 15 of the Dungeon.
             The game lasted 01:02:19 (22396 turns).

mandoloar the Executioner (Minotaur Fighter)       Turns: 22396, Time: 01:02:21

Health: 0/144      AC: 20    Str: 30    XL:     14   Next: 72%
Magic:  12/13      EV: 11    Int:  5    God:    Okawaru [*****.]
Gold:   2531       SH: 13    Dex: 16    Spells: 13/13 levels left

rFire   + + .      SeeInvis .    a - +3 war axe of Patience {flame, rF++ Dex+3}
rCold   . . .      Faith    .    V - +2 kite shield of the Frog {-Tele rN+ Str+4 Dex+3}
rNeg    + . .      Spirit   .    h - +0 plate armour
rPois   +          Reflect  .    y - +1 hat
rElec   .          Harm     .    q - +0 cloak
rCorr   .          Rampage  .    p - +0 pair of gloves
Will    +....      NoTele   +    t - +1 pair of boots Stlth
                                 o - amulet of regeneration
HPRegen 1.24/turn                E - ring of poison resistance
MPRegen 0.13/turn                k - +5 ring of evasion

@: lethally poisoned (0 -> -1), studying Throwing
A: horns 2, retaliatory headbutt
a: Renounce Religion, Heroism, Finesse, Duel


You were on level 15 of the Dungeon.
You worshipped Okawaru.
Okawaru was extremely pleased with you.
You visited 3 branches of the dungeon, and saw 21 of its levels.

You collected 2531 gold pieces.

Inventory:

Hand Weapons
 a - the +3 war axe of Patience (weapon) {flame, rF++ Dex+3}
   (You found it on level 2 of the Lair of Beasts)

   Dex:       It affects your dexterity (+3).
   rF:        It greatly protects you from fire.
 b - a +2 heavy mace
 F - a +0 broad axe
Missiles
 j - 155 stones
 l - 2 silver boomerangs
 m - 5 throwing nets
 v - 9 boomerangs
 J - 54 poisoned darts (quivered)
Armour
 h - a +0 plate armour (worn)
 p - a +0 pair of gloves (worn)
 q - a +0 cloak (worn)
 t - a +1 pair of boots (worn)
 y - a +1 hat (worn)
 V - the +2 kite shield of the Frog (worn) {-Tele rN+ Str+4 Dex+3}
   (Okawaru gifted it to you on level 13 of the Dungeon)

   Str:       It affects your strength (+4).
   Dex:       It affects your dexterity (+3).
   rN:        It protects you from negative energy.
   -Tele:     It prevents most forms of teleportation.
Jewellery
 d - an amulet of the acrobat
 f - a ring of flight
 k - a +5 ring of evasion (right hand)
 o - an amulet of regeneration (around neck)
 E - a ring of poison resistance (left hand)
 U - an amulet of reflection
 W - a ring of willpower
 X - a ring of protection from fire
Wands
 c - a wand of quicksilver (3)
 u - a wand of iceblast (9)
 N - a wand of mindburst (15)
 P - a wand of digging (5)
 R - a wand of paralysis (6)
 T - a wand of flame (16)
Scrolls
 n - 14 scrolls of teleportation
 w - 2 scrolls of fear
 A - 3 scrolls of blinking
 D - 10 scrolls of identify
 I - 3 scrolls of amnesia
 K - 2 scrolls of enchant weapon
 L - 2 scrolls of poison
 Q - 2 scrolls of enchant armour
 S - 3 scrolls of fog
Potions
 e - 3 potions of flight
 g - 8 potions of ambrosia
 i - 2 potions of mutation
 r - 12 potions of curing
 s - 3 potions of lignification
 x - 5 potions of attraction
 z - 2 potions of berserk rage
 B - 4 potions of heal wounds
 C - 4 potions of cancellation
 G - 2 potions of brilliance
 H - 2 potions of haste
 M - a potion of might
 O - a potion of invisibility


   Skills:
 + Level 18.8 Fighting
 + Level 21.0 Axes
 + Level 9.1 Armour
 - Level 5.0 Stealth
 + Level 9.1 Shields


You had 13 spell levels left.
You didn't know any spells.
Your spell library contained the following spells:

 Spells                   Type           Power      Damage    Failure   Level
 Apportation              Tloc           0%         N/A       100%        1
 Magic Dart               Conj           0%         1d3       100%        1
 Necrotise                Necr           0%         1d4       100%        1
 Sting                    Tmut/Pois      0%         1d3       100%        1
 Cigotuvi's Dreadful Rot  Necr/Pois/Air  0%         N/A       100%        2
 Poisonous Vapours        Pois/Air       0%         N/A       100%        2
 Frozen Ramparts          Ice            0%         1d1       100%        3
 Ignite Poison            Fire/Tmut/Pois 0%         N/A       100%        3
 Kindle Blastsparks       Fire/Tloc/Air  0%         2d10      100%        3
 Mephitic Cloud           Conj/Pois/Air  0%         N/A       100%        3
 Stone Arrow              Conj/Erth      0%         3d7       100%        3
 Dispel Undead            Necr           0%         3d6       100%        4
 Fulminant Prism          Conj/Hex       0%         3d5       100%        4
 Ice Form                 Ice/Tmut       0%         N/A       100%        4
 Iskenderun's Mystic Bla  Conj/Tloc      0%         2d3       100%        4
 Olgreb's Toxic Radiance  Pois           0%         N/A       100%        4
 Blade Hands              Tmut           0%         N/A       100%        5
 Borgnjor's Vile Clutch   Necr/Erth      0%         N/A       100%        5
 Freezing Cloud           Conj/Ice/Air   0%         6-21      100%        5
 Irradiate                Conj/Tmut      0%         3d11      100%        5
 Lee's Rapid Deconstruct  Erth           0%         3d4*      100%        5
 Dragon Form              Tmut           0%         N/A       100%        7
 Lehudib's Crystal Spear  Conj/Erth      0%         10d2      100%        8
 Summon Small Mammal      Summ           Unusable   N/A       N/A         1
 Call Imp                 Summ           Unusable   N/A       N/A         2
 Animate Armour           Summ/Erth      Unusable   N/A       N/A         4
 Animate Dead             Necr           Unusable   N/A       N/A         4
 Summon Ice Beast         Ice/Summ       Unusable   N/A       N/A         4
 Death Channel            Necr           Unusable   N/A       N/A         6

Dungeon Overview and Level Annotations

Branches:
Dungeon (15/15)            Temple (1/1) D:4            Lair (5/5) D:11
  Swamp (0/4) Lair:2        Snake (0/4) Lair:3        Slime (0/5) Lair:5
    Orc (0/2) D:11         Vaults (0/5) D:13         Depths (0/4) D:15

Altars:
Ashenzari
Cheibriados
Dithmenos
Elyvilon
Fedhas
Gozag
Hepliaklqana
Kikubaaqudgha
Makhleb
Nemelex Xobeh
Okawaru
Qazlal
Ru
Sif Muna
Trog
Uskayaw
Vehumet
Wu Jian
Xom
Yredelemnul
Zin
The Shining One
Jiyva

Shops:
D:9 (

Portals:
Trove: D:13 (give 5 scrolls of fear)

Annotations:
D:14 1 runed translucent door, Femmo's ghost, adept DjFE
D:15 Agnes; Azrael; Roxanne


Innate Abilities, Weirdness & Mutations

You have a pair of horns on your head.
You reflexively headbutt those who attack you in melee.


Message History

Something smites you!
* * * LOW HITPOINT WARNING * * *
Agnes hits you but does no damage. The meliai hits you with a +0 hand axe!
* * * LOW HITPOINT WARNING * * *
The meliai closely misses you.
You feel much better.
You feel very sick. The meliai barely misses you. You furiously retaliate!
You headbutt the meliai, but do no damage.
You block the meliai's attack. The meliai hits you with a +0 hand axe.
You block the meliai's attack.
Agnes hits you with a +1 lajatang of venom!!
* * * LOW HITPOINT WARNING * * *
The meliai closely misses you. You furiously retaliate!
You headbutt the meliai! The meliai closely misses you.
You block the meliai's attack. x2
Agnes hits you with a +1 lajatang of venom.
* * * LOW HITPOINT WARNING * * *
You feel much better.
You feel sick. You block the meliai's attack. The meliai barely misses you.
The meliai hits you with a +0 hand axe.
* * * LOW HITPOINT WARNING * * *
The meliai stings you but does no damage.
Agnes hits you with a +1 lajatang of venom!!
* * * LOW HITPOINT WARNING * * *
The meliai closely misses you. You furiously retaliate!
You headbutt the meliai, but do no damage.
The meliai stings you but does no damage.
The meliai hits you but does no damage. You block the meliai's attack.
You hit Agnes. You burn Agnes.
Agnes is almost dead.
You slash the meliai! You burn the meliai. You completely miss the meliai.
You feel sick. You block Agnes's attack.
The meliai hits you with a +0 hand axe.
* * * LOW HITPOINT WARNING * * *
The meliai stings you but does no damage.
The meliai mumbles some strange prayers to its god against you.
Something smites you!
* * * LOW HITPOINT WARNING * * *
Agnes hits you with a +1 lajatang of venom.
You die...

......#
......#################
......................#
.......#'#............#
.#.......#............###
###.#....#...............
####...#...............
###.#....#......yy.......
.#.......)......@ih......
.........#).....##y#+##..
...#.....#......#


hRh ...#.....#......# ○°..# ...#.....#......# ○...# ...#.....'......# ....#
...#######......# h.... ................# ...... ................# You could see
Agnes, Azrael, 2 hell hounds and 3 meliai.

Vanquished Creatures
  A fire giant (D:15)
  Erolcha (D:10)
  3 hydras
  A vault guard (D:13)
  2 catoblepae
  3 boulder beetles
  4 two-headed ogres
  A tengu warrior (D:13)
  9 death yaks
  A deep troll shaman (Lair:5)
  A skeletal warrior (D:10)
  A lindwurm (Lair:5)
  A phantasmal warrior (D:10)
  2 wizards (D:11)
  2 orc knights (D:15)
  Pikel (D:7)
  9 cyclopes
  3 manticores
  5 ugly things
  A salamander (Lair:3)
  13 elephants
  8 centaur zombies (D:12)
  4 black mambas
  A torpor snail (Lair:1)
  7 cane toads
  A kobold demonologist (D:13)
  An unseen horror (shapeshifter) (D:14)
  4 komodo dragons
  4 rime drakes
  3 unseen horrors
  4 freezing wraiths
  6 trolls
  The ghost of Valagong the Chopper, an amateur MiFi (D:4)
  4 polar bears
  3 meliai (D:14)
  A queen bee (D:11)
  A hornet (D:6)
  A dream sheep (shapeshifter) (D:14)
  6 dream sheep (Lair:1)
  8 blink frogs
  2 slime creatures (Lair:5)
  A meliai zombie (D:12)
  A culicivora (shapeshifter) (D:13)
  8 vampires
  6 shadows
  4 wraiths
  A basilisk (Lair:5)
  3 fire bats (Lair:5)
  27 yaks
  6 vampire mosquitoes
  5 steam dragons
  Menkaure (D:5)
  6 wargs
  9 water moccasins
  Duvessa (D:7)
  6 orc warriors
  3 black bears
  A sky beast (D:5)
  17 wolves
  3 boggarts (D:15)
  3 ogres
  A phantom (D:7)
  2 lemures (D:7)
  2 kobold brigands
  9 bullfrogs
  A necrophage (D:4)
  A gnoll sergeant (D:8)
  2 scorpions (D:5)
  4 wights (D:8)
  Dowan (D:7)
  28 killer bees
  3 howler monkeys
  An electric eel (Lair:5)
  3 lava snakes (Lair:3)
  3 jellies
  Crazy Yiuf (D:7)
  3 centaur skeletons (D:4)
  6 orc priests
  2 gnoll boudas (D:8)
  4 hounds
  2 iguanas
  10 orc wizards
  19 gnolls
  3 adders
  2 river rats (D:6)
  3 worms
  A dart slug (D:1)
  43 orcs
  9 ball pythons
  5 endoplasms
  4 giant cockroaches
  8 goblins
  7 hobgoblins
  3 quokkas
  11 bats
  4 frilled lizards
  8 kobolds
  8 rats
474 creatures vanquished.

Vanquished Creatures (others)
  A boggart (D:15)
  13 fungi
  46 plants
  2 withered plants (D:12)
62 creatures vanquished.

Grand Total: 536 creatures vanquished

Notes
Turn   | Place    | Note
-------+----------+-------------------------------------------
     0 | D:1      | mandoloar the Minotaur Fighter began the quest for the Orb.
     0 | D:1      | Reached XP level 1. HP: 19/19 MP: 0/0
   131 | D:1      | Reached skill level 3 in Axes
   134 | D:1      | Reached XP level 2. HP: 26/26 MP: 1/1
   378 | D:1      | Reached skill level 4 in Axes
   687 | D:1      | Reached XP level 3. HP: 31/31 MP: 2/2
   834 | D:1      | Found a faded altar of an unknown god.
  1115 | D:2      | Reached skill level 5 in Axes
  1115 | D:2      | Reached XP level 4. HP: 25/39 MP: 3/3
  1839 | D:3      | Reached skill level 6 in Axes
  2058 | D:3      | Reached XP level 5. HP: 44/45 MP: 4/4
  2149 | D:3      | Found a broken altar of Ashenzari.
  2561 | D:4      | Reached skill level 7 in Axes
  2600 | D:4      | Noticed an orc warrior
  2613 | D:4      | Killed an orc warrior
  2614 | D:4      | Reached XP level 6. HP: 42/51 MP: 5/5
  2680 | D:4      | Reached skill level 8 in Axes
  2687 | D:5      | Entered Level 5 of the Dungeon
  2687 | D:5      | Noticed Menkaure
  2804 | D:4      | Found a staircase to the Ecumenical Temple.
  2813 | Temple   | Entered the Ecumenical Temple
  2859 | Temple   | Became a worshipper of Warmaster Okawaru
  3071 | D:4      | Found a runed translucent gate.
  3073 | D:4      | Found a runed translucent gate.
  3073 | D:4      | Found a runed translucent gate.
  3078 | D:4      | Noticed Valagong's ghost (amateur MiFi)
  3557 | D:5      | Reached skill level 9 in Axes
  3588 | D:5      | Reached XP level 7. HP: 57/57 MP: 6/6
  3959 | D:5      | Killed Menkaure
  3959 | D:5      | Reached * piety under Okawaru
  3960 | D:5      | Reached skill level 10 in Axes
  4169 | D:5      | Reached skill level 11 in Axes
  4487 | D:5      | Noticed a steam dragon
  4494 | D:5      | Killed a steam dragon
  4495 | D:5      | Reached XP level 8. HP: 50/67 MP: 7/7
  4744 | D:6      | Reached skill level 5 in Fighting
  5087 | D:6      | Reached ** piety under Okawaru
  5090 | D:6      | Found a hide-covered altar of Uskayaw.
  5874 | D:7      | Noticed a hornet
  5884 | D:6      | Paralysed by a hornet for 2 turns
  5895 | D:6      | Killed a hornet
  5896 | D:6      | Reached skill level 12 in Axes
  6170 | D:7      | Noticed a cyclops
  6205 | D:7      | Killed a cyclops
  6205 | D:7      | Reached *** piety under Okawaru
  6206 | D:7      | Reached XP level 9. HP: 75/81 MP: 8/8
  6229 | D:7      | Found a shadowy altar of Dithmenos.
  6275 | D:7      | Reached skill level 13 in Axes
  6358 | D:8      | Found a shimmering blue altar of Sif Muna.
  6532 | D:7      | Found a runed translucent door.
  6533 | D:7      | Noticed Crazy Yiuf
  6543 | D:7      | Killed Crazy Yiuf
  6673 | D:7      | Noticed Pikel
  6700 | D:7      | Killed Pikel
  6700 | D:7      | Reached **** piety under Okawaru
  6839 | D:7      | Noticed a green ugly thing
  6848 | D:7      | Killed a green ugly thing
  6849 | D:7      | Reached skill level 10 in Fighting
  6849 | D:7      | Reached skill level 14 in Axes
  6882 | D:7      | Noticed Dowan
  6886 | D:7      | Noticed Duvessa
  6887 | D:7      | Noticed a boulder beetle
  6897 | D:7      | Killed Duvessa
  6897 | D:7      | Killed Dowan
  6927 | D:7      | Killed a boulder beetle
  6928 | D:7      | Reached XP level 10. HP: 90/94 MP: 7/9
  7952 | D:8      | Reached skill level 15 in Axes
  8290 | D:8      | Found a sacrificial altar of Ru.
  8295 | D:8      | Found a burning altar of Makhleb.
  8391 | D:9      | Reached ***** piety under Okawaru
  8538 | D:10     | Entered Level 10 of the Dungeon
  8675 | D:10     | Noticed Erolcha
  8740 | D:9      | Noticed a two-headed ogre
  8757 | D:9      | Killed a two-headed ogre
  8959 | D:9      | Noticed a two-headed ogre
  8966 | D:9      | Killed a two-headed ogre
  8967 | D:9      | Reached skill level 16 in Axes
  8967 | D:9      | Reached XP level 11. HP: 66/106 MP: 10/10
  9295 | D:9      | Found Oneepauh's Weapon Boutique.
  9579 | D:10     | Killed Erolcha
  9637 | D:11     | Found a staircase to the Lair.
 10063 | D:10     | Noticed a phantasmal warrior
 10208 | D:10     | Killed a phantasmal warrior
 10367 | D:10     | Noticed a skeletal warrior
 10384 | D:10     | Killed a skeletal warrior
 10414 | D:10     | Noticed a death knight
 10415 | D:10     | Noticed a phantasmal warrior
 10573 | D:11     | Reached ****** piety under Okawaru
 10574 | D:11     | Reached skill level 17 in Axes
 10681 | D:11     | Found a staircase to the Orcish Mines.
 10710 | D:11     | Noticed a two-headed ogre
 10726 | D:11     | Killed a two-headed ogre
 10891 | D:11     | Noticed a wizard
 10931 | Lair:1   | Entered Level 1 of the Lair of Beasts
 10997 | Lair:1   | Received a gift from Okawaru
 11329 | Lair:1   | Reached skill level 15 in Fighting
 11335 | Lair:1   | Reached XP level 12. HP: 114/119 MP: 11/11
 11627 | Lair:1   | Reached skill level 18 in Axes
 12342 | Lair:2   | Noticed a five-headed hydra
 12351 | Lair:2   | Killed a five-headed hydra
 12539 | Lair:2   | Identified the +3 war axe of Patience {flame, rF++ Dex+3}
 12578 | Lair:2   | Found a staircase to the Swamp.
 12616 | Lair:2   | Noticed a catoblepas
 12628 | Lair:2   | Killed a catoblepas
 12882 | Lair:2   | Received a gift from Okawaru
 12883 | Lair:2   | Reached skill level 19 in Axes
 12902 | Lair:2   | Noticed a four-headed hydra
 12911 | Lair:2   | Killed a one-headed hydra
 13118 | Lair:2   | You fall into a shaft and drop 1 floor!
 13651 | Lair:3   | Reached XP level 13. HP: 124/132 MP: 12/12
 13668 | Lair:3   | Found a staircase to the Snake Pit.
 13930 | Lair:3   | Reached skill level 1 in Stealth
 14437 | Lair:4   | Identified the +4 robe of Doth {Will+ Dex+4 Stlth+}
                  | (Okawaru gifted it to you on level 4 of the Lair of Beasts)
 14437 | Lair:4   | Received a gift from Okawaru
 14441 | Lair:5   | Entered Level 5 of the Lair of Beasts
 15111 | Lair:4   | Reached skill level 5 in Armour
 15111 | Lair:4   | Reached skill level 5 in Shields
 15415 | Lair:5   | Found a staircase to the Slime Pits.
 15415 | Lair:5   | Found a viscous altar of Jiyva.
 15683 | Lair:5   | Reached skill level 20 in Axes
 16041 | Lair:5   | Identified the +2 short sword of Goqac {flame, Dex+2}
 16873 | Lair:5   | Received a gift from Okawaru
 16886 | Lair:5   | Identified the +0 ring mail of Infinity {MP+9 Int+3}
 16890 | Lair:5   | Identified the +0 demon blade of Upheaval {elec, rElec
                  | MP+9}
 17455 | D:11     | Reached XP level 14. HP: 111/143 MP: 13/13
 18997 | D:12     | Reached skill level 5 in Stealth
 19112 | D:13     | Identified the +2 kite shield of the Frog {-Tele rN+ Str+4
                  | Dex+3} (Okawaru gifted it to you on level 13 of the
                  | Dungeon)
 19112 | D:13     | Received a gift from Okawaru
 19198 | D:13     | Found a white marble altar of Elyvilon.
 19408 | D:13     | Found a portal to a secret trove of treasure.
 19511 | D:13     | Found a gate to the Vaults.
 19843 | D:14     | Identified a scroll of acquirement
 19843 | D:14     | Acquired 1098 gold pieces
 19886 | D:15     | Entered Level 15 of the Dungeon
 20310 | D:14     | Found a runed translucent door.
 20310 | D:14     | Noticed Femmo's ghost (adept DjFE)
 20435 | D:14     | Found a sacrificial altar of Ru.
 21217 | D:4      | Killed Valagong's ghost
 21607 | D:15     | Identified Roxanne's Notes on Topography
 21607 | D:15     | Noticed Roxanne
 22154 | D:15     | Found a staircase to the Depths.
 22154 | D:15     | Noticed a fire giant
 22273 | D:15     | Killed a fire giant
 22274 | D:15     | Reached skill level 21 in Axes
 22381 | D:15     | Noticed Agnes
 22389 | D:15     | Noticed Azrael
 22396 | D:15     | HP: 3/144 [meliai/divine providence (7)]
 22396 | D:15     | Slain by Agnes

Illustrated notes

Levels and vault maps discovered:
D:1:      minmay_arrival_widening_spiral_wide, layout_basic,
          shapermc_ecumenical_altar_hornbeckon, nicolae_wormholes
D:2:      layout_basic
D:3:      minmay_spotlight, layout_basic, ashenzari_conservatory_becter
D:4:      layout_rooms, temple_pool_b, gammafunk_ghost_necromancy,
          minmay_pentomino_pile
D:5:      layout_basic, minivault_4, dk_noncrumbling_4, uniq_menkaure
D:6:      layout_rooms, nicolae_uskayaw_murder_on_the_dancefloor,
          gup_sewer_entry_bubbles
D:7:      layout_basic, nicolae_dithmenos_the_darkroom, kb_rosetta,
          uniq_crazy_yiuf_cottage, uniq_duvessa, uniq_pikel
D:8:      layout_loops_ring, mainiacjoe_overflow_alcove_1,
          mainiacjoe_overflow_big_doors, nicolae_grassy_gnolls
D:9:      layout_irregular_city, serial_shops, kennysheep_mini
D:10:     layout_irregular_city, amethyst_killhole, minmay_misc_feat_columns,
          uniq_erolcha
D:11:     layout_roguey [special_room_bee], erik_lair_orcish_takeover,
          orc_0_dummy, minmay_fractal_squares_gapless_7
D:12:     layout_cave_pools, serial_undead, serial_undead_c, serial_undead_b,
          serial_undead_d, serial_undead_f, serial_undead_d, serial_undead_d,
          serial_undead_e, serial_undead_a
D:13:     minmay_the_grid_octo_tiled_squarecenter_mashed
          [minmay_the_grid_octo_toaster, minmay_the_grid_octo_fan_narrow,
          minmay_the_grid_octo_tetromino_candy, minmay_the_grid_octo_horde,
          minmay_the_grid_square_5x5_megaprize_hollow,
          minmay_the_grid_square_5x5_comb,
          minmay_the_grid_square_5x5_tetrominoes,
          minmay_the_grid_square_5x5_eight, minmay_the_grid_square_5x5_lines],
          layout_long_grid, enter_trove_5, elyvilon_altar_1
D:14:     layout_stronghold, nicolae_ru_awakened_eye,
          portal_ice_cave_entry_horrid_things, hellmonk_ghost_happy_afterlife
D:15:     grunt_enter_depths_giant_problem, layout_irregular_city,
          nicolae_figureground_pulse, uniq_azrael, uniq_agnes, uniq_roxanne
Temple:   nicolae_temple_slightly_damp_pantheon
Lair:1:   layout_regular_city
Lair:2:   layout_regular_city, swamp_mist_pool
Lair:3:   layout_chaotic_city, nicolae_snake_entry_warm_welcome,
          grunt_megastairs_5, infiniplex_staircase_pool
Lair:4:   layout_concentric_octagons
Lair:5:   grunt_lair_end_beastmaster, layout_loops_ring,
          minmay_slime_entry_pillars, nicolae_volcano_entry_batcave,
          infiniplex_staircase_pool_2, serial_bayou_shore_a

Skill      XL: |  1  2  3  4  5  6  7  8  9 10 11 12 13 14 |
---------------+-------------------------------------------+-----
Axes           | 3 4 5 6 7 9 11 12 14 16 17 19 20 21 | 21.0
Fighting       | 4 7 10 12 15 17 18 | 18.8
Shields        | 7 9 |  9.1
Armour         | 7 9 |  9.1
Stealth        | 4 5 |  5.0

Action                     |  1- 3 |  4- 6 |  7- 9 | 10-12 | 13-15 || total
---------------------------+-------+-------+-------+-------+-------++-------
  Melee: War axe           |    73 |   137 |   245 |   175 |   634 ||  1264
         Headbutt          |     8 |    21 |    48 |   112 |   153 ||   342
         Broad axe         |       |       |       |   297 |       ||   297
         Mace              |       |       |       |     5 |       ||     5
  Throw: Stone             |       |       |     1 |     1 |       ||     2
         Dart              |       |       |       |    21 |       ||    21
 Invoke: Heroism           |       |       |     4 |    10 |    13 ||    27
         Finesse           |       |       |       |       |     3 ||     3
    Use: Scroll            |     2 |    10 |     3 |     9 |     1 ||    25
         Potion            |       |       |     5 |     1 |     2 ||     8
   Stab: Distracted        |       |       |       |       |     2 ||     2
 Armour: Scale mail        |    28 |       |       |       |       ||    28
         Plate armour      |    25 |    67 |    87 |   231 |   331 ||   741
  Dodge: Dodged            |    33 |    58 |    91 |   219 |   279 ||   680
  Block: Buckler           |    21 |    32 |    47 |   122 |   116 ||   338
         Kite shield       |       |       |       |       |   132 ||   132

Table legend: (Time is in decaauts)
 A = Elapsed time spent in this place.
 B = Non-inter-level travel time spent in this place.
 C = Inter-level travel time spent in this place.
 D = Time resting spent in this place.
 E = Time spent auto-exploring this place.
 F = Levels seen in this place.
 G = Mean time per level.
                   A        B        C        D        E       F      G
               +--------+--------+--------+--------+--------+-----+--------+
         Total |  22191 |  20931 |   1260 |   4698 |  11547 |  21 | 1056.7 |
       Dungeon |  15960 |  14904 |   1056 |   3101 |   8350 |  15 | 1064.0 |
        Temple |    182 |    163 |     19 |      0 |    140 |   1 |  182.0 |
          Lair |   6047 |   5863 |    184 |   1597 |   3057 |   5 | 1209.4 |
               +--------+--------+--------+--------+--------+-----+--------+

Top non-repeatable levels by time:
  Lair:5: 1661 daAuts
     D:9: 1387 daAuts
    D:11: 1345 daAuts
  Lair:2: 1307 daAuts
     D:8: 1287 daAuts
     D:6: 1277 daAuts
     D:5: 1274 daAuts
    D:14: 1267 daAuts
  Lair:1: 1156 daAuts
     D:7: 1101 daAuts
    D:10: 1095 daAuts
  Lair:3: 1015 daAuts
     D:3: 1012 daAuts
  Lair:4: 906 daAuts
     D:1: 896 daAuts
